% Time on Ice - SAN DIEGO THUNDER
Lines # - Real PCT - Wanted PCT - Time Play
Normal Forward
1 - 38% - 36% - 18:44
2 - 33% - 31% - 16:35
3 - 22% - 23% - 10:59
4 - 7% - 10% - 3:24
Normal Defense
1 - 36% - 38% - 17:53
2 - 36% - 32% - 17:39
3 - 26% - 20% - 13:07
4 - 2% - 10% - 1:03
PP Forward
1 - 48% - 55% - 2:06
2 - 52% - 45% - 2:14
PP Defense
1 - 65% - 55% - 2:48
2 - 35% - 45% - 1:32
PK Forward
1 - 64% - 55% - 3:49
2 - 36% - 45% - 2:09
PK Defense
1 - 82% - 55% - 4:55
2 - 18% - 45% - 1:03
PK3 Forward
1 - 0% - 55%
2 - 0% - 45%
PK3 Defense
1 - 0% - 55%
2 - 0% - 45%
44 Forward
1 - 0% - 55%
2 - 0% - 45%
44 Defense
1 - 0% - 55%
2 - 0% - 45%
Last Minute Offensive  - 0:00
Last Minute Defensive  - 0:00
Total
Forward - 60:00
Defense - 60:00
% Time on Ice - VANCOUVER VOODOO
Lines # - Real PCT - Wanted PCT - Time Play
Normal Forward
1 - 32% - 38% - 16:01
2 - 32% - 35% - 15:45
3 - 23% - 22% - 11:25
4 - 13% - 5% - 6:31
Normal Defense
1 - 36% - 39% - 17:49
2 - 35% - 38% - 17:31
3 - 28% - 23% - 14:06
4 - 1% - 0% - 0:16
PP Forward
1 - 47% - 53% - 2:49
2 - 53% - 47% - 3:09
PP Defense
1 - 63% - 53% - 3:44
2 - 37% - 47% - 2:14
PK Forward
1 - 72% - 60% - 3:07
2 - 28% - 40% - 1:13
PK Defense
1 - 43% - 53% - 1:52
2 - 57% - 47% - 2:28
PK3 Forward
1 - 0% - 55%
2 - 0% - 45%
PK3 Defense
1 - 0% - 52%
2 - 0% - 48%
44 Forward
1 - 0% - 51%
2 - 0% - 49%
44 Defense
1 - 0% - 52%
2 - 0% - 48%
Last Minute Offensive  - 0:00
Last Minute Defensive  - 0:00
Total
Forward - 60:00
Defense - 60:00
Play-by-Play 1st period 0:01 of 1st period - Eetu Luostarinen wins face-off versus Kirby Dach in neutral zone. 0:20 of 1st period - Shot by Evander Kane. 0:20 of 1st period - Shot Blocked by Rafael Harvey-Pinard. 0:22 of 1st period - Shot by Charles McAvoy. 0:22 of 1st period - Shot Blocked by Kirby Dach. 0:24 of 1st period - Shot by Charles McAvoy. 0:24 of 1st period - Shot Misses the Net. 0:26 of 1st period - Shot by Evander Kane. 0:26 of 1st period - Stopped by Filip Gustavsson without a rebound. 0:27 of 1st period - Joel Farabee wins face-off versus Joshua Norris in VANCOUVER VOODOO zone. 0:57 of 1st period - Shot by Wyatt Johnston. 0:57 of 1st period - Stopped by Filip Gustavsson without a rebound. 0:58 of 1st period - Isac Lundestrom wins face-off versus Joel Armia in VANCOUVER VOODOO zone. 1:36 of 1st period - Shot by Isac Lundestrom. 1:36 of 1st period - Shot Misses the Net. 1:58 of 1st period - Shot by Drake Batherson. 1:58 of 1st period - Stopped by Filip Gustavsson without a rebound. 1:59 of 1st period - Wyatt Johnston wins face-off versus Kirby Dach in VANCOUVER VOODOO zone. 2:26 of 1st period - Icing by Nicolas Hague. 2:27 of 1st period - Kirby Dach wins face-off versus Drake Batherson in VANCOUVER VOODOO zone. 2:52 of 1st period - Shot by Kirby Dach. 2:52 of 1st period - Shot Misses the Net. 3:11 of 1st period - Shot by Evander Kane. 3:11 of 1st period - Deflect By Drake Batherson. 3:11 of 1st period - Shot Misses the Net. 3:13 of 1st period - Shot by Evander Kane. 3:13 of 1st period - Shot Misses the Net. 3:33 of 1st period - Shot by Luke Kunin. 3:33 of 1st period - Shot Blocked by Carson Soucy. 3:55 of 1st period - Shot by Luke Kunin. 3:55 of 1st period - Goal by Luke Kunin - SAN DIEGO THUNDER : 1 - VANCOUVER VOODOO : 0. 3:56 of 1st period - Wyatt Johnston wins face-off versus Radek Faksa in neutral zone. 4:21 of 1st period - Shot by Radek Faksa. 4:21 of 1st period - Stopped by Connor Hellebuyck without a rebound. 4:22 of 1st period - Kirby Dach wins face-off versus Eetu Luostarinen in SAN DIEGO THUNDER zone. 4:31 of 1st period - Shot by Rafael Harvey-Pinard. 4:31 of 1st period - Stopped by Connor Hellebuyck without a rebound. 4:32 of 1st period - Isac Lundestrom wins face-off versus Kirby Dach in SAN DIEGO THUNDER zone. 4:32 of 1st period - Isac Lundestrom is hit by Rafael Harvey-Pinard. 4:52 of 1st period - Shot by Josh Anderson. 4:52 of 1st period - Stopped by Connor Hellebuyck without a rebound. 4:53 of 1st period - Joshua Norris wins face-off versus Wyatt Johnston in SAN DIEGO THUNDER zone. 5:04 of 1st period - Shot by Joshua Norris. 5:04 of 1st period - Shot Misses the Net. 5:43 of 1st period - Off-side. 5:44 of 1st period - Eetu Luostarinen wins face-off versus Kirby Dach in neutral zone. 7:03 of 1st period - Off-side. 7:04 of 1st period - Nicolas Roy wins face-off versus Wyatt Johnston in neutral zone. 7:24 of 1st period - Shot by Joel Farabee. 7:24 of 1st period - Goal by Joel Farabee - SAN DIEGO THUNDER : 2 - VANCOUVER VOODOO : 0. 7:25 of 1st period - Mark Kastelic wins face-off versus Christian Dvorak in neutral zone. 7:30 of 1st period - Shot by Denis Malgin. 7:30 of 1st period - Shot Blocked by Braden Schneider. 8:09 of 1st period - Denis Malgin is hit by Joel Armia and loses puck. 8:21 of 1st period - Joshua Norris is hit by William Lagesson and loses puck. 9:03 of 1st period - Shot by Eetu Luostarinen. 9:03 of 1st period - Stopped by Filip Gustavsson without a rebound. 9:04 of 1st period - Wyatt Johnston wins face-off versus Rafael Harvey-Pinard in VANCOUVER VOODOO zone. 9:05 of 1st period - Shot by Joel Farabee. 9:05 of 1st period - Shot Misses the Net. 9:21 of 1st period - Shot by Dmitri Voronkov. 9:21 of 1st period - Shot Misses the Net. 9:23 of 1st period - Shot by Joel Farabee. 9:23 of 1st period - Goal by Joel Farabee - SAN DIEGO THUNDER : 3 - VANCOUVER VOODOO : 0. 9:24 of 1st period - Radek Faksa wins face-off versus Eetu Luostarinen in neutral zone. 11:12 of 1st period - Shot by Luke Kunin. 11:12 of 1st period - Shot Misses the Net. 11:14 of 1st period - Shot by Luke Kunin. 11:14 of 1st period - Shot Blocked by Nathan Beaulieu. 11:16 of 1st period - Shot by Steven Lorentz. 11:16 of 1st period - Stopped by Filip Gustavsson without a rebound. 11:17 of 1st period - Mark Kastelic wins face-off versus Kirby Dach in VANCOUVER VOODOO zone. 11:28 of 1st period - Shot by Denis Malgin. 11:28 of 1st period - Stopped by Filip Gustavsson without a rebound. 11:29 of 1st period - Nicolas Roy wins face-off versus Eetu Luostarinen in VANCOUVER VOODOO zone. 12:00 of 1st period - Shot by Jonathan Drouin. 12:00 of 1st period - Stopped by Connor Hellebuyck without a rebound. 12:01 of 1st period - Isac Lundestrom wins face-off versus Kirby Dach in SAN DIEGO THUNDER zone. 12:40 of 1st period - Shot by Josh Anderson. 12:40 of 1st period - Shot Misses the Net. 12:53 of 1st period - Minor Penalty to Jordan Harris for Hooking. 12:54 of 1st period - Christian Dvorak wins face-off versus Drake Batherson in VANCOUVER VOODOO zone. 13:15 of 1st period - Shot by Charles McAvoy. 13:15 of 1st period - Stopped by Filip Gustavsson without a rebound. 13:16 of 1st period - Drake Batherson wins face-off versus Rafael Harvey-Pinard in VANCOUVER VOODOO zone. 13:35 of 1st period - Shot by Charles McAvoy. 13:35 of 1st period - Shot Misses the Net. 13:37 of 1st period - Shot by Charles McAvoy. 13:37 of 1st period - Stopped by Filip Gustavsson without a rebound. 13:38 of 1st period - Isac Lundestrom wins face-off versus Radek Faksa in VANCOUVER VOODOO zone. 13:38 of 1st period - Isac Lundestrom is hit by Braden Schneider. 14:47 of 1st period - Shot by Dmitri Voronkov. 14:47 of 1st period - Deflect By Joel Farabee. 14:47 of 1st period - Stopped by Filip Gustavsson with a rebound. 14:49 of 1st period - Shot by Charles McAvoy. 14:49 of 1st period - Stopped by Filip Gustavsson without a rebound. 14:50 of 1st period - Wyatt Johnston wins face-off versus Radek Faksa in VANCOUVER VOODOO zone. 15:05 of 1st period - Shot by Eetu Luostarinen. 15:05 of 1st period - Stopped by Filip Gustavsson without a rebound. 15:06 of 1st period - Radek Faksa wins face-off versus Mark Kastelic in VANCOUVER VOODOO zone. 15:25 of 1st period - Shot by Cody Glass. 15:25 of 1st period - Shot Blocked by Luke Kunin. 15:33 of 1st period - Shot by Cody Glass. 15:33 of 1st period - Stopped by Connor Hellebuyck without a rebound. 15:34 of 1st period - Rafael Harvey-Pinard wins face-off versus Wyatt Johnston in SAN DIEGO THUNDER zone. 15:35 of 1st period - Shot by Josh Anderson. 15:35 of 1st period - Stopped by Connor Hellebuyck without a rebound. 15:36 of 1st period - Kirby Dach wins face-off versus Joel Farabee in SAN DIEGO THUNDER zone. 15:37 of 1st period - Shot by Rafael Harvey-Pinard. 15:37 of 1st period - Shot Misses the Net. 15:56 of 1st period - Joel Farabee is hit by Carson Soucy and loses puck. 16:39 of 1st period - Eetu Luostarinen is hit by Nicolas Roy and loses puck. 16:48 of 1st period - Nicolas Roy is hit by Evander Kane. 16:49 of 1st period - Icing by Nicolas Roy. 16:50 of 1st period - Joshua Norris wins face-off versus Isac Lundestrom in VANCOUVER VOODOO zone. 17:25 of 1st period - Christian Dvorak is hit by Luke Kunin and loses puck. 17:38 of 1st period - Icing by Nicolas Hague. 17:39 of 1st period - Eetu Luostarinen wins face-off versus Christian Dvorak in VANCOUVER VOODOO zone. 17:47 of 1st period - Icing by Nicolas Hague. 17:48 of 1st period - Christian Dvorak wins face-off versus Eetu Luostarinen in VANCOUVER VOODOO zone. 17:48 of 1st period - Christian Dvorak is hit by Evander Kane. 17:54 of 1st period - Shot by Conor Garland. 17:54 of 1st period - Stopped by Connor Hellebuyck without a rebound. 17:55